 Dungeon Crawl Stone Soup version 0.17-a0-1020-ge683cc4 (webtiles) character file.

74 Jine the Chucker (level 4, -6/34 HPs)
             Began as a Human Hunter on May 19, 2015.
             Was an Initiate of the Shining One (penitent).
             Mangled by an ogre
             ... wielding a cursed -1 giant spiked club
              (18 damage)
             ... on level 4 of the Dungeon.
             The game lasted 00:10:23 (3138 turns).

Jine the Chucker (Human Hunter)                     Turns: 3138, Time: 00:10:24

Health: -6/34      AC:  5    Str: 12    XL:     4   Next: 54%
Magic:  4/4        EV: 11    Int: 12    God:    the Shining One [*]
Gold:   166        SH:  0    Dex: 14    Spells: 0 memorised, 3 levels left

rFire  + . .     SeeInvis .     x - +0 blowgun
rCold  . . .     Clarity  .     p - +0 ring mail
rNeg   . . .     SustAb   .     (no shield)
rPois  .         Gourm    .     (no helmet)
rElec  .         Spirit   .     (no cloak)
rCorr  .         Warding  .     (no gloves)
rMut   .         Stasis   +     (no boots)
MR     .....                    n - amulet of stasis
Stlth  +.........               (no ring)
                                l - ring of protection from fire

@: not resistant to hostile enchantments, very unstealthy
A: no striking features
a: Renounce Religion


You were on level 4 of the Dungeon.
You worshipped the Shining One.
The Shining One was demanding penance.
You were not hungry.

You visited 1 branch of the dungeon, and saw 4 of its levels.

You collected 166 gold pieces.

Inventory:

Hand weapons
 a - a +0 short sword
 f - a +0 dagger
 g - a +0 club
 v - a +0 spear
 w - a +0 hunting sling
 x - a +0 blowgun (weapon)
Missiles
 b - 90 stones
 r - a javelin
 s - 2 throwing nets
 y - 12 poisoned needles (quivered)
Armour
 c - a +0 leather armour
 d - a +0 leather armour
 j - a +0 plate armour
 p - a +0 ring mail (worn)
Jewellery
 l - a ring of protection from fire (left hand)
 n - an amulet of stasis (around neck)
Magical devices
 e - a wand of teleportation (5)
Scrolls
 h - 3 scrolls of identify {unknown}
 i - a scroll of recharging {unknown}
 m - a scroll of amnesia {unknown}
 q - a scroll of fear {unknown}
 u - a scroll of magic mapping {unknown}
Potions
 k - 2 potions of lignification {unknown}
 o - a potion of brilliance {unknown}
 t - a potion of flight {unknown}


   Skills:
 + Level 2.3 Fighting
 + Level 4.8 Throwing
 + Level 1.6 Armour
 + Level 2.5 Dodging
 + Level 1.2 Stealth


You had 3 spell levels left.
You didn't know any spells.

Dungeon Overview and Level Annotations

Branches:
Dungeon (4/15)
 Temple: D:4-7

Altars:
Trog
Xom
The Shining One


Message History

Press: ? - help, Shift-Dir - straight line, f/p - ogre
Aim: an ogre, wielding a giant spiked club (lightly wounded, poisoned)
You shoot a poisoned needle.
The poisoned needle barely misses the ogre.
The ogre hits you with a giant spiked club!
* * * LOW HITPOINT WARNING * * *
You see here a javelin.
r - a javelin An ogre is nearby!
The ogre looks more healthy.
Firing (i - inventory. (,) - cycle):
y - 13 poisoned needles (quivered)
Press: ? - help, Shift-Dir - straight line, f/p - ogre
Aim: an ogre, wielding a giant spiked club (severely wounded)
You shoot a poisoned needle. The poisoned needle hits the ogre!
The ogre is poisoned.
You feel very guilty. "You will pay for your transgression, mortal!"
The ogre is severely wounded.
The ogre hits you with a giant spiked club!!
Ouch! That really hurt!
You die...

#..#
#...(...#.#
#..#
####.####.#
####..#######.#
#.#
..............#
#.#
##<##########.#
#.# ...# #.#
#.# #### #.#
#(# #.####.#
#.#.@.(#
#.#O####
#......#
#......#
#......#
##.)...#
#.....# ##..###
##.#


You could see an ogre.

Vanquished Creatures
  An adder (D:3)
  A worm (D:3)
  3 giant cockroaches
  6 goblins
  7 hobgoblins
  7 jackals
  2 quokkas
  A ball python (D:3)
  8 bats
  3 giant geckos
  4 giant newts
  9 kobolds
  4 rats
56 creatures vanquished.

Notes
Turn   | Place    | Note
--------------------------------------------------------------
     0 | D:1      | Jine the Human Hunter began the quest for the Orb.
     0 | D:1      | Reached XP level 1. HP: 16/16 MP: 1/1
   197 | D:1      | Reached XP level 2. HP: 22/22 MP: 2/2
   374 | D:1      | You fall through a shaft!
   541 | D:2      | Reached XP level 3. HP: 23/27 MP: 3/3
   723 | D:1      | Reached skill level 1 in Armour
  1236 | D:2      | Found a shimmering altar of Xom.
  2017 | D:3      | Found a glowing golden altar of the Shining One.
  2024 | D:3      | Became a worshipper of the Shining One
  2048 | D:3      | Reached XP level 4. HP: 30/33 MP: 4/4
  2070 | D:3      | Found a bloodstained altar of Trog.
  3025 | D:4      | Noticed an ogre
  3109 | D:4      | Was placed under penance by the Shining One
  3138 | D:4      | Mangled by an ogre

Vault maps used:
D:1:      minmay_arrival_four_circles, st_stairs_9
D:2:      lemuel_round_altar, grunt_ministairs_6
D:3:      lemuel_round_altar, lemuel_crystal_altar
D:4:      minmay_temple_entry_junction

Action                   |  1- 3 |  4- 6 || total
-------------------------+-------+-------++-------
Melee: Short sword       |    80 |    74 ||   154
 Fire: Blowgun           |       |     4 ||     4
Throw: Javelin           |    61 |     8 ||    69
       Throwing net      |     1 |     2 ||     3
 Stab: Held in net/web   |       |     1 ||     1
  Eat: Bread ration      |     1 |       ||     1
       Meat ration       |       |     1 ||     1
